 Seeded DCSS version 0.27.1-2-g3b301248ec (webtiles) character file.

Game seed: 17979796883088392625 (custom seed)

47 babuloseo the Poker (level 3, -1/29 HPs)
             Began as a Human Monk on Sept 26, 2021.
             Was a Believer of Jiyva.
             Slain by an iguana (3 damage)
             ... on level 2 of the Dungeon.
             The game lasted 00:01:22 (1349 turns).

babuloseo the Poker (Human Monk)                    Turns: 1349, Time: 00:01:22

Health: -1/29      AC:  2    Str: 12    XL:     3   Next: 97%
Magic:  3/3        EV: 13    Int: 10    God:    Jiyva [**....]
Gold:   45         SH:  0    Dex: 15    Spells: 2/2 levels left

rFire    . . .     SeeInvis .   a - +0 spear
rCold    . . .     Faith    .   (no shield)
rNeg     . . .     Spirit   .   b - +0 robe
rPois    .         Reflect  .   (no helmet)
rElec    .         Harm     .   (no cloak)
rCorr    .         Rampage  .   (no gloves)
Will     .....                  (no boots)
Stlth    ++........             (no amulet)
HPRegen  0.09/turn              (no ring)
MPRegen  0.08/turn              (no ring)

@: no status effects
A: no striking features
a: Renounce Religion, Request Jelly


You were on level 2 of the Dungeon.
You worshipped Jiyva.
Jiyva was pleased with you.
You visited 1 branch of the dungeon, and saw 2 of its levels.

You collected 45 gold pieces.

Inventory:

Hand Weapons
 a - a +0 spear (weapon)
Armour
 b - a +0 robe (worn)
Jewellery
 e - an amulet of regeneration
Scrolls
 f - a scroll of enchant armour {unknown}
Potions
 c - a potion of berserk rage {unknown}
 d - a potion of curing {unknown}
 g - 2 potions of invisibility {unknown}


   Skills:
 + Level 3.3 Fighting
 + Level 3.5(3.6) Polearms
 * Level 0.8(2.3) Staves
 + Level 3.3 Dodging
 + Level 2.3 Stealth


You had 2 spell levels left.
You didn't know any spells.
Your spell library was empty.

Dungeon Overview and Level Annotations

Branches:
Dungeon (2/15)

Altars:
Jiyva


Message History

No target in view!
Found 7 gold pieces.
An iguana comes into view.
Found 14 gold pieces.
An iguana is nearby!
An iguana is nearby!
You hit the iguana but do no damage. The iguana barely misses you.
You hit the iguana.
The iguana is lightly wounded.
The iguana bites you but does no damage.
You closely miss the iguana.
The iguana is lightly wounded.
The iguana bites you!
You closely miss the iguana.
The iguana is lightly wounded.
The iguana bites you.
You hit the iguana.
The iguana is heavily wounded.
The iguana bites you!
You hit the iguana.
The iguana is heavily wounded.
The iguana bites you!
* * * LOW HITPOINT WARNING * * *
You are too injured to fight recklessly!
You hit the iguana but do no damage.
The iguana is heavily wounded.
The iguana completely misses you.
You hit the iguana but do no damage.
The iguana is heavily wounded.
The iguana misses you.
You hit the iguana but do no damage.
The iguana is heavily wounded.
The iguana bites you.
* * * LOW HITPOINT WARNING * * *
You barely miss the iguana.
The iguana is heavily wounded.
You closely miss the iguana.
The iguana is heavily wounded.
The iguana bites you.
You die...

########.#†.........#
##........#..........#
#####..######.#..........#
.##...## #.#..........#
....### #.#..........#
..### #.....######## #.#
#.....# #.# ###.....# #..
#.....@.# ##.. #.##..l## >
..# #. #)..# # ..# # #.$.#
### .$..# .#...# ..#...#
.# ##### #


You could see an iguana.

Vanquished Creatures
  An adder (D:2)
  A dart slug (D:1)
  3 ball pythons (D:1)
  An endoplasm (D:1)
  2 giant cockroaches
  7 goblins
  2 hobgoblins (D:1)
  2 jackals (D:1)
  3 bats
  6 frilled lizards
  A kobold (D:1)
  6 rats (D:1)
35 creatures vanquished.

Vanquished Creatures (others)
  An endoplasm (D:2)
1 creature vanquished.

Grand Total: 36 creatures vanquished

Notes
Turn   | Place    | Note
-------+----------+-------------------------------------------
     0 | D:1      | babuloseo the Human Monk began the quest for the Orb.
     0 | D:1      | Reached XP level 1. HP: 18/18 MP: 1/1
   265 | D:1      | Reached XP level 2. HP: 24/24 MP: 2/2
   608 | D:1      | Reached XP level 3. HP: 29/29 MP: 3/3
  1226 | D:2      | Found a faded altar of an unknown god.
  1235 | D:2      | Became a worshipper of Jiyva Jiddyc the Shapeless
  1235 | D:2      | Reached * piety under Jiyva
  1235 | D:2      | Reached ** piety under Jiyva
  1349 | D:2      | Slain by an iguana

Illustrated notes

Levels and vault maps discovered:
D:1:      minmay_arrival_cross, layout_loops_ring
D:2:      layout_rooms, shapermc_ecumenical_altar_venn

Action                   || total
-------------------------++-------
Melee: Spear             ||   126
 Stab: Sleeping          ||     7
Armor: Robe              ||    14
Dodge: Dodged            ||    48
